Map: Lost and Found LE

Players

LiquidMaNa (MaNa) - Winner!

  • Race: Protoss Protoss
  • League: Grandmaster
  • Spawn Location: 1:00

Bunny

  • Race: Terran Terran
  • League: Diamond
  • Spawn Location: 7:00

Event: HomeStory Cup XVII

VOD

Have the link to the VOD?

Description

Time

  • Played on: June 28, 2018, 8:09 p.m.
  • Length: 17:42

All games in this series

Show
View Real Time Build Order
Export as new Build Order

LiquidMaNa Protoss - Winner!

Build Orders: 1 Gate Expand, Blink Stalkers 

Get SALT Encoding   

  12  0:00  Probe  
  13  0:13  Probe  
  14  0:18  Pylon  
  14  0:24  Probe  
  15  0:32  Probe  
  15  0:37  Gateway  
  15  0:40  Probe  
  16  0:46  Assimilator  
  17  0:50  Probe  
  18  0:58  Probe  
  19  1:06  Probe  
  20  1:23  Nexus  
  20  1:32  Cybernetics Core  
  20  1:35  Probe  
  21  1:41  Assimilator  
  21  1:47  Probe  
  21  1:53  Pylon  
  22  2:00  Probe  
  18  2:01  Stalker  
  23  2:09  Warp Gate  
  23  2:12  Probe  
  26  2:24  Probe  
  26  2:26  Twilight Council  
  27  2:31  Probe, Stalker  
  27  2:36  Probe  
  31  2:39  Probe  
  31  2:42  Blink  
  32  2:48  Probe  
  32  2:49  Probe  
  34  3:00  Probe  
  34  3:01  Probe  
  36  3:05  Gateway  
  36  3:11  Gateway  
  36  3:14  Probe  
  36  3:15  Probe  
  38  3:30  Stalker, Robotics Facility  
  38  3:31  Probe  
  38  3:34  Probe  
  42  3:38  Pylon  
  42  3:44  Probe  
  42  3:46  Probe  
  44  3:56  Probe  
  44  3:58  Probe  
  44  4:01  Pylon  
  46  4:08  Probe  
  47  4:10  Probe  
  47  4:12  Stalker x3, Observer  
  53  4:17  Pylon  
  53  4:22  Assimilator, Probe x2  
  56  4:30  Nexus  
  56  4:32  Observer  
  56  4:34  Probe x2  
  59  4:40  Stalker  
  59  4:44  Stalker  
  63  4:45  Stalker  
  63  4:47  Probe  
  63  4:50  Assimilator  
  66  4:58  Probe  
  60  5:05  Probe  
  61  5:11  Probe  
  62  5:17  Probe  
  62  5:21  Immortal  
  63  5:23  Probe  
  63  5:24  Robotics Bay  
  63  5:25  Pylon  
  63  5:28  Pylon  
  64  5:29  Probe  
  64  5:35  Probe  
  70  5:42  Probe  
  71  5:45  Stalker x2  
  71  5:46  Stalker  
  71  5:48  Probe x2  
  79  5:55  Observer  
  79  5:57  Forge  
  79  6:03  Disruptor  
  79  6:04  Probe x2  
  81  6:07  Probe  
  81  6:10  Stalker  
  84  6:16  Probe x2  
  84  6:17  Protoss Ground Armor Level 1  
  89  6:21  Probe  
  89  6:25  Sentry, Zealot  
  92  6:27  Shield Battery  
  92  6:28  Probe  
  92  6:30  Shield Battery  
  92  6:31  Forge  
  95  6:37  Probe  
  95  6:38  Probe  
  97  6:49  Zealot  
  97  6:50  Zealot  
  99  6:58  Pylon x2  
  99  7:00  Disruptor  
  100  7:03  Protoss Ground Weapons Level 1  
  100  7:07  Stalker  
  100  7:10  Probe  
  100  7:11  Pylon  
  100  7:13  Pylon  
  101  7:16  Gateway  
  101  7:17  Gateway  
  101  7:20  Gateway, Sentry, Stalker  
  104  7:22  Gateway  
  104  7:23  Probe  
  104  7:25  Probe  
  104  7:27  Gateway  
  106  7:35  Probe  
  106  7:37  Photon Cannon, Observer  
  107  7:39  Photon Cannon  
  107  7:41  Probe x2  
  107  7:43  Assimilator, Stalker x3  
  107  7:44  Assimilator  
  115  7:46  Charge  
  115  7:58  Disruptor  
  118  8:05  Protoss Ground Armor Level 2  
  116  8:08  Zealot x3  
  122  8:17  Pylon  
  122  8:21  Pylon  
  120  8:27  Nexus  
  120  8:28  Pylon  
  118  8:35  Disruptor  
  118  8:37  Pylon  
  118  8:40  Zealot x5  
  118  8:41  Zealot x3  
  137  8:44  Probe x2  
  137  8:45  Probe  
  139  9:00  Stalker x4  
  139  9:02  Stalker  
  149  9:11  Disruptor  
  149  9:15  Zealot x3  
  147  9:28  Stalker x4  
  135  9:43  Disruptor  
  135  9:45  Stalker x3  
  127  9:52  Probe x4  
  134  10:00  Protoss Ground Weapons Level 2, Probe x4  
  134  10:02  Shield Battery  
  134  10:05  Zealot  
  134  10:06  Zealot x2  
  144  10:08  Probe  
  145  10:15  Pylon  
  145  10:16  Observer  
  144  10:26  Stalker  
  144  10:27  Stalker x4  
  150  10:38  Disruptor  
  150  10:40  Protoss Ground Armor Level 3  
  150  10:46  Zealot x2  
  153  10:51  Stalker x2  
  153  10:52  Zealot x3  
  163  11:07  Photon Cannon  
  163  11:09  Zealot x2  
  167  11:12  Photon Cannon  
  167  11:14  Disruptor  
  157  11:30  Zealot x6  
  157  11:31  Zealot  
  171  11:40  Photon Cannon  
  171  11:49  Colossus  
  135  12:01  Zealot  
  135  12:02  Zealot x6  
  108  12:24  Stalker  
  108  12:25  Stalker x6  
  108  12:29  Templar Archives  
  122  12:31  Extended Thermal Lance  
  122  12:35  Nexus  
  122  12:39  Disruptor  
  122  12:41  Pylon  
  125  12:48  Sentry x3, Robotics Facility  
  131  12:53  Probe x3  
  131  12:55  Photon Cannon  
  131  12:56  Stalker  
  131  12:57  Stalker  
  138  13:00  Zealot  
  134  13:13  High Templar x4  
  134  13:16  Stalker  
  134  13:18  Archon x2  
  143  13:21  Stalker x2  
  143  13:24  Zealot  
  117  13:45  Stalker x2  
  117  13:47  Stalker  
  112  14:04  Pylon  
  112  14:05  Pylon  
  112  14:09  Probe  
  105  14:11  Pylon, Zealot x3  
  105  14:15  Disruptor x2  
  117  14:22  Probe  
  117  14:23  Probe x3  
  118  14:27  Nexus  
  118  14:29  Pylon  
  118  14:34  High Templar x2  
  118  14:35  High Templar  
  118  14:36  Zealot x5  
  134  14:38  Archon  
  134  14:41  Immortal  
  134  14:52  Immortal  
  142  14:57  Zealot x5  
  152  15:04  Shield Battery  
  152  15:08  High Templar x2  
  152  15:09  High Templar  
  156  15:22  Stalker x3  
  156  15:23  Stalker  
  156  15:26  Zealot  
  163  15:35  Immortal  
  163  15:37  Archon  
  163  15:40  Assimilator, Archon, Probe x2  
  165  15:46  Assimilator  
  165  15:48  Stalker  
  165  15:49  Stalker  
  169  15:57  Zealot x2  
  169  16:02  Disruptor  
  176  16:05  Probe  
  176  16:06  Probe  
  172  16:16  Zealot x3  
  149  16:30  Zealot x5  
  137  16:39  Stalker x3  
  139  16:47  Probe x2  
  139  16:48  Probe  
  142  16:55  High Templar x2  
  142  16:56  Zealot x3  
  142  16:58  Shield Battery  
  142  16:59  Archon  
  152  17:05  Zealot x3  
  156  17:17  Zealot x3  
  158  17:36  Zealot x5  
Show
View Real Time Build Order
Export as new Build Order

Bunny Terran 

Build Orders: Reaper Expand, MMM Bio 

Get SALT Encoding   

  12  0:00  SCV  
  13  0:12  SCV  
  14  0:16  Supply Depot  
  14  0:25  SCV  
  15  0:38  SCV  
  15  0:40  Barracks  
  16  0:44  Refinery  
  16  0:50  SCV  
  17  1:02  SCV  
  18  1:14  SCV  
  19  1:27  Orbital Command  
  19  1:29  Reaper  
  20  1:39  Command Center  
  20  1:50  Supply Depot  
  20  1:53  SCV  
  21  2:00  Marine  
  22  2:06  SCV  
  23  2:10  Factory  
  23  2:17  Refinery  
  23  2:18  SCV  
  24  2:23  Barracks Reactor  
  24  2:30  SCV  
  25  2:42  SCV  
  26  2:51  Orbital Command  
  26  2:54  Starport, SCV  
  26  2:56  Widow Mine  
  29  2:59  Marine x2  
  31  3:06  SCV  
  32  3:17  Marine x2  
  32  3:18  Widow Mine, SCV x2  
  38  3:30  SCV x2  
  38  3:31  Medivac  
  41  3:34  Marine  
  41  3:35  Supply Depot, Marine  
  41  3:36  Bunker  
  41  3:39  Widow Mine  
  45  3:42  SCV  
  46  3:55  Barracks  
  46  3:57  Barracks, SCV  
  46  3:59  SCV  
  46  4:01  Supply Depot  
  46  4:02  Barracks Tech Lab  
  48  4:04  Starport Reactor, Factory Tech Lab  
  48  4:09  SCV  
  49  4:11  SCV  
  50  4:17  Engineering Bay, Supply Depot  
  50  4:21  Marine, SCV  
  50  4:22  Stimpack  
  52  4:25  SCV  
  53  4:31  Refinery  
  53  4:33  SCV  
  53  4:37  SCV  
  55  4:40  Marine  
  55  4:45  SCV, Missile Turret, Terran Infantry Weapons Level 1  
  57  4:49  Marine x2  
  59  4:56  SCV  
  59  4:57  SCV  
  59  5:02  Medivac, Marauder x2  
  59  5:05  Medivac  
  59  5:06  Marine x2  
  62  5:08  Refinery  
  62  5:11  Supply Depot, SCV  
  62  5:12  SCV  
  65  5:14  Widow Mine  
  67  5:24  Marine x2  
  69  5:31  Combat Shields  
  69  5:33  Marauder x2  
  73  5:37  Command Center  
  73  5:41  Supply Depot  
  73  5:44  Marine  
  73  5:47  SCV x2  
  76  5:51  Medivac  
  76  5:56  Supply Depot  
  78  5:58  Supply Depot x2  
  78  6:01  Widow Mine, Medivac, Marine, Marauder x2  
  78  6:03  Marine  
  68  6:06  SCV x2  
  69  6:20  SCV  
  69  6:22  Barracks, SCV  
  69  6:23  Marauder x2  
  69  6:25  Barracks  
  75  6:26  Medivac  
  75  6:31  Medivac  
  79  6:38  Marine x2  
  81  6:43  Widow Mine, SCV  
  81  6:44  Marauder, SCV  
  85  6:49  Marauder  
  85  6:51  Orbital Command  
  85  6:56  Medivac  
  85  6:57  Marine x2  
  85  7:01  Medivac  
  91  7:03  SCV x2  
  91  7:06  Concussive Shells  
  89  7:09  Barracks Tech Lab  
  89  7:10  Factory Reactor  
  89  7:12  Orbital Command  
  91  7:17  Barracks Reactor, Barracks Tech Lab  
  91  7:18  SCV x2  
  91  7:19  Orbital Command  
  91  7:20  Marauder  
  93  7:26  Medivac  
  93  7:29  Marauder  
  95  7:31  Marine  
  95  7:32  Marine  
  95  7:33  SCV x2  
  98  7:37  Marauder  
  98  7:41  Terran Infantry Armor Level 1  
  98  7:42  Marauder  
  102  7:45  Medivac, SCV x2, Supply Depot  
  102  7:47  SCV  
  102  7:48  Widow Mine  
  102  7:49  Widow Mine, Marine x2  
  102  7:51  Marauder  
  115  7:57  SCV x2  
  115  7:59  Marauder, SCV  
  115  8:00  Marine x2  
  115  8:03  Marauder  
  115  8:05  Refinery, Liberator  
  122  8:07  Refinery, Marine  
  122  8:09  Marine, SCV  
  122  8:10  SCV  
  122  8:11  SCV  
  122  8:12  Marauder  
  129  8:14  Supply Depot  
  129  8:15  Supply Depot  
  129  8:20  Marauder  
  129  8:22  SCV  
  129  8:26  Liberator  
  133  8:28  Marine  
  133  8:32  Marine  
  133  8:34  Marine  
  132  8:35  Marine  
  132  8:36  Marauder x2  
  132  8:38  Widow Mine  
  132  8:39  Widow Mine  
  140  8:41  Marauder  
  140  8:43  Supply Depot x2  
  140  8:45  Supply Depot  
  145  8:53  Marine  
  145  8:54  Marine x3  
  149  9:02  Supply Depot x2  
  149  9:03  Supply Depot  
  149  9:04  Marauder x2  
  149  9:05  Medivac  
  149  9:06  Marine  
  154  9:11  Marine  
  151  9:18  Marine x2  
  151  9:25  Marauder  
  151  9:26  Medivac  
  151  9:28  Marauder x2  
  151  9:30  Marine x2  
  151  9:35  Medivac  
  151  9:37  Marine x2  
  130  9:46  Marine  
  130  9:48  Widow Mine x2, Marine x2  
  137  9:56  Medivac  
  137  9:57  Marauder x2  
  137  9:59  Command Center, Marine  
  143  10:00  Marine  
  143  10:04  Marauder  
  143  10:06  Medivac  
  143  10:07  Marine x2  
  149  10:09  Liberator  
  151  10:17  Marine  
  151  10:18  Marauder  
  151  10:19  Liberator, Marauder  
  152  10:25  Marauder  
  152  10:27  Orbital Command  
  153  10:32  Marine x2  
  154  10:38  Marine x2  
  154  10:40  Marauder x2  
  163  10:47  Marauder  
  165  10:50  Marine  
  165  10:51  Widow Mine x2  
  165  10:52  Liberator  
  170  11:00  Marine x2  
  170  11:01  Marauder x2  
  170  11:02  Sensor Tower  
  176  11:10  Planetary Fortress  
  158  11:26  Liberator  
  158  11:28  Marine x4, Marauder x2  
  158  11:29  Marauder  
  158  11:31  Widow Mine x2  
  172  11:42  SCV x2  
  172  11:44  Refinery  
  172  11:46  Marine x4  
  181  11:49  Liberator  
  181  11:51  Barracks x2  
  178  11:54  SCV  
  144  12:03  Marauder x3  
  144  12:04  Marine x3  
  144  12:06  Marine  
  130  12:17  Widow Mine x2  
  130  12:21  Marine  
  130  12:22  Marine x2  
  131  12:24  Marine x2, Marauder x2  
  137  12:33  Armory  
  137  12:35  Refinery  
  137  12:39  Marine x2  
  137  12:40  Marine  
  137  12:41  Medivac  
  137  12:42  Marine, Marauder  
  145  12:45  Marauder  
  145  12:46  Refinery, Marauder  
  145  12:47  Barracks Reactor  
  145  12:49  Barracks Tech Lab  
  149  12:57  Marine x3  
  152  12:58  Medivac  
  152  13:00  Marine  
  152  13:03  Marine  
  146  13:06  Marine x2  
  146  13:07  Marine  
  149  13:15  Marine x3  
  149  13:17  Marine  
  153  13:21  Marauder  
  153  13:24  Marine x2  
  153  13:25  Marauder x3  
  158  13:31  Medivac  
  158  13:32  Widow Mine, Medivac  
  158  13:33  Widow Mine, Marine x2  
  158  13:34  Marine  
  158  13:35  Marine  
  158  13:43  Marauder  
  158  13:45  Marine x2  
  158  13:46  Marauder x3  
  168  13:51  Marine x2  
  168  13:52  Marine  
  168  13:53  Marine  
  159  13:59  Widow Mine  
  159  14:01  Viking  
  159  14:02  Viking  
  156  14:03  Marine x2  
  156  14:04  Marauder  
  156  14:07  Marauder  
  156  14:08  Marauder x2, Marine  
  156  14:09  Marine  
  154  14:10  Marine  
  154  14:11  Marine  
  154  14:12  Widow Mine  
  154  14:17  Starport  
  154  14:20  Terran Infantry Weapons Level 2  
  154  14:21  Marine x2  
  156  14:26  Marauder  
  156  14:27  Marine x2  
  156  14:29  Marauder x3  
  166  14:36  Widow Mine  
  166  14:37  Viking x2  
  166  14:40  Marine  
  166  14:41  Marine  
  166  14:42  Marine  
  169  14:47  Marauder  
  169  14:50  Marauder x2  
  169  14:51  Marauder, Marine  
  175  14:54  Marine  
  175  14:55  Marine  
  177  15:04  Marine x2  
  179  15:07  Viking x2  
  179  15:08  Marauder  
  179  15:09  Viking  
  179  15:10  Marine  
  179  15:11  Marauder  
  179  15:12  Marauder  
  186  15:18  Marine  
  175  15:29  Marauder  
  175  15:30  Marauder, Marine x2  
  175  15:32  Orbital Command  
  175  15:34  Marine x2  
  175  15:35  Marauder x2, Marine  
  182  15:37  Viking x2  
  182  15:38  Marine  
  188  15:48  Marine x2  
  190  15:50  Marauder  
  190  15:51  Marauder  
  190  15:52  Marine x2  
  190  15:53  Marine  
  197  16:01  Supply Depot  
  197  16:06  Sensor Tower  
  196  16:20  Marauder  
  196  16:22  Marauder x3  
  177  16:26  Marine  
  177  16:28  Marine x2  
  177  16:29  Marine  
  177  16:30  Medivac x2  
  140  16:37  Medivac, Marine x2  
  116  16:42  Marauder  
  116  16:43  Ghost Academy, Marauder x2  
  116  16:44  Marauder, Marine  
  116  16:46  Marine x2  
  127  16:51  Marine  
  128  16:54  Marine  
  129  17:03  Marine x2, Marauder  
  129  17:04  Marauder  
  129  17:05  Marine, Marauder x2  
  129  17:06  Marine  
  141  17:09  Marine  
  141  17:12  Marine  
  142  17:21  Marine x2  
  142  17:22  Marine  
  142  17:24  Marine  
Tags
 
Add a new tag
Caveats
  • Supply blocks, unpowered buildings, or Contaminate may cause inaccurate times.
  • Supply counts are checked every 10 seconds.